 Dungeon Crawl Stone Soup version 0.30.1-4-g462c640d31 (webtiles) character file.

Game seed: 3265837113542864640

124095 math4jedi the Severer (level 16, -2/132 (151) HPs)
             Began as a Minotaur Berserker on Aug 6, 2023.
             Was a High Priest of Trog.
             Slain by a spectral broodmother (6 damage)
             ... called from beyond by a ghost crab
             ... on level 3 of the Spider Nest on Aug 14, 2023.
             The game lasted 01:29:34 (24247 turns).

math4jedi the Severer (Minotaur Berserker)         Turns: 24247, Time: 01:29:35

HP:   -2/132 (151)  AC: 24    Str: 32    XL:     16   Next: 38%
MP:   15/15         EV: 18    Int:  5    God:    Trog [*****.]
Gold: 1473          SH:  4    Dex:  9    Spells: 15/15 levels left

rFire   . . .        b - +4 war axe (heavy)
rCold   . . .        Y - +0 buckler
rNeg    . . .        y - +2 plate armour {rPois}
rPois   +            (helmet restricted)
rElec   +            r - scarf {repulsion}
rCorr   +            i - +2 pair of gloves
SInv    +            H - +0 pair of boots
Will    +....        o - amulet of the acrobat Stlth
                     h - ring "Dateh" {rElec rCorr Stlth+}
HPRegen 1.22/turn    t - +5 ring of evasion
MPRegen 0.14/turn

%: repel missiles, acrobat
@: studying Short Blades, heavily drained
A: horns 2, retaliatory headbutt, see invisible, regeneration 1, strong 1, noise
suppression
a: Renounce Religion, Berserk, Trog's Hand, Brothers in Arms


You were on level 3 of the Spider Nest.
You worshipped Trog.
Trog was extremely pleased with you.
You visited 4 branches of the dungeon, and saw 25 of its levels.
You also visited: Ossuary.

You collected 2383 gold pieces.
You spent 910 gold pieces at shops.

Inventory:

Hand Weapons
 a - a +3 war axe of flaming
 b - a +4 heavy war axe (weapon)
 T - a +2 spectral broad axe
Missiles
 f - 46 poisoned darts (quivered)
 g - 5 throwing nets
 w - 17 curare-tipped darts
Armour
 i - a +2 pair of gloves (worn)
 r - a scarf of repulsion (worn)
 y - a +2 plate armour of poison resistance (worn)
 H - a +0 pair of boots (worn)
 Y - a +0 buckler (worn)
Jewellery
 h - the ring "Dateh" (left hand) {rElec rCorr Stlth+}
   (You found it on level 2 of the Dungeon)

   [ring of resist corrosion]

   rElec:     It insulates you from electricity.
   rCorr:     It protects you from acid and corrosion.
   Stlth:     It makes you more stealthy.
 m - a +6 ring of dexterity
 o - an amulet of the acrobat (around neck)
 t - a +5 ring of evasion (right hand)
 z - the ring "Tetest" {rPois Dex+2 SInv}
   (You found it on level 10 of the Dungeon)

   [ring of poison resistance]

   Dex:       It affects your dexterity (+2).
   rPois:     It protects you from poison.
   SInv:      It lets you see invisible.
 N - a +6 ring of strength
 R - a ring of willpower
 S - an amulet of faith
Wands
 q - a wand of polymorph (4)
 A - a wand of paralysis (20)
 C - a wand of digging (4)
 F - a wand of flame (43)
 G - a wand of iceblast (21)
 L - a wand of mindburst (13)
 X - a wand of quicksilver (3)
Scrolls
 e - 5 scrolls of blinking
 j - 5 scrolls of enchant weapon
 k - 2 scrolls of brand weapon
 l - 15 scrolls of teleportation
 n - 4 scrolls of fear
 u - 3 scrolls of enchant armour
 B - 4 scrolls of immolation
 D - 5 scrolls of silence {unknown}
 P - 2 scrolls of poison {unknown}
 Q - 6 scrolls of fog
 Z - 3 scrolls of magic mapping {unknown}
Potions
 c - 6 potions of heal wounds
 d - 19 potions of curing
 s - 4 potions of ambrosia
 v - 6 potions of flight
 x - 7 potions of haste
 E - 6 potions of might
 I - a potion of lignification
 J - a potion of invisibility
 K - 4 potions of attraction {unknown}
 M - 4 potions of brilliance {unknown}
 O - 2 potions of berserk rage {unknown}
 U - a potion of resistance
 V - a potion of experience {unknown}
Miscellaneous
 p - a phantom mirror
 W - a condenser vane


   Skills:
 - Level 16.0 Fighting
 + Level 16.0 Axes
 - Level 8.0 Throwing
 - Level 16.0 Armour
 - Level 16.0 Dodging
 - Level 4.0 Shields
 + Level 10.0 Evocations


You had 15 spell levels left.
You didn't know any spells.
Your spell library was empty.

Dungeon Overview and Level Annotations

Branches:
Dungeon (15/15)            Temple (0/1) D:5            Lair (5/5) D:10
  Swamp (0/4) Lair:2       Spider (3/4) Lair:3        Slime (0/5) Lair:4
    Orc (2/2) D:12            Elf (0/3) Orc:2        Vaults (0/5) D:14
 Depths (0/4) D:15        Ossuary (visited)

Altars:
Ashenzari
Dithmenos
Elyvilon
Gozag
Kikubaaqudgha
Ru
Sif Muna
Trog
Uskayaw
Vehumet
Xom
The Shining One
Jiyva
Lugonu

Shops:
D:10 :   D:13 (   Orc:1 ?   Orc:2 [*(:

Portals:
Abyss: D:3 Lair:2


Innate Abilities, Weirdness & Mutations

You have a pair of horns on your head.
You reflexively headbutt those who attack you in melee.
You have supernaturally acute eyesight. (SInv)
Your natural rate of healing is unusually fast.
Your muscles are strong. (Str +4, Int/Dex -1)
You passively dampen the noise of your surroundings.


Message History

You block the spectral ghost moth's attack.
The spectral spark wasp completely misses you.
The spectral broodmother barely misses you.
You furiously retaliate!
You headbutt the spectral broodmother!
The spectral snapping turtle bites you from afar.
The spectral spark wasp barely misses you.
The spectral ghost moth hits you!
* * * LOW HITPOINT WARNING * * *
The spectral ghost moth hits you but does no damage.
The spectral ghost moth closely misses you.
The ghost crab bites you!
* * * LOW HITPOINT WARNING * * *
You feel drained.
* * * LOW HITPOINT WARNING * * *
The ghost crab completely misses you.
The spectral spark wasp hits you but does no damage.
The spectral emperor scorpion barely misses you. x2
The spectral emperor scorpion closely misses you.
You block the spectral snapping turtle's attack.
You feel much better.
You are engulfed in spectral mist.
The spectral snapping turtle fades away!
The spectral spark wasp barely misses you.
The spectral broodmother bites you!!
* * * LOW HITPOINT WARNING * * *
You feel drained.
* * * LOW HITPOINT WARNING * * *
The spectral spark wasp hits you!
* * * LOW HITPOINT WARNING * * *
The spectral ghost moth barely misses you.
The spectral ghost moth completely misses you.
The spectral ghost moth hits you but does no damage.
The spectral spark wasp completely misses you.
The spectral emperor scorpion barely misses you.
The spectral emperor scorpion claws you but does no damage. x2
The ghost crab breathes spectral mist at you.
The spectral mist engulfs you but does no damage.
The spectral broodmother bites you!
* * * LOW HITPOINT WARNING * * *
You feel drained.
You die...

...... ##[.:#
.^.... #####
#...## #...^.
##≈... ###.†#
#.....
#≈≈~.$###..##
.≈~.....~.##
#~..~...†.≈##
....☼○°☼Z○§≈##
..#..°○ZZZ☼≈≈#
#~.~≈#§°@Z☼$≈#
#...#○§Z°t...#
#..#Z#☼○○○°#~#
##.~~~☼#....##
#≈.........#
##.......#..
##.#≈#..#...
## ########


You could see a ghost crab, a spectral emperor scorpion (summoned), 2 spectral
ghost moths, 2 spectral spark wasps and 2 spectral broodmothers.

Vanquished Creatures
  Arachne (Spider:2)
  The ghost of Findleman the Warrior, an adept GrFi of the Shining One (Spider:2)
  Roxanne (Spider:1)
  A fire giant (D:15)
  2 emperor scorpions
  An orc warlord (Orc:2)
  A broodmother (Spider:3)
  Nessos (Orc:2)
  Snorg (Lair:4)
  The ghost of GimliDwarf the Nimble, a journeyman GnWn of Okawaru (Lair:1)
  A fire dragon (D:14)
  The ghost of FemmeMayhem the Cleaver, a journeyman MiFi of Okawaru (Lair:2)
  2 entropy weavers
  An anaconda (Lair:5)
  A ghost crab (Spider:3)
  8 hydras
  A merfolk avatar (Lair:5)
  A radroach (Spider:3)
  6 two-headed ogres
  A death knight (D:15)
  A death scarab (Spider:2)
  6 boulder beetles
  3 centaur warriors
  12 death yaks
  An orc high priest (Orc:2)
  A soul eater (Lair:2)
  A spriggan (Lair:2)
  A spectral emperor scorpion (Spider:2)
  3 pharaoh ants
  3 skeletal warriors (D:13)
  A skyshark (Lair:5)
  A spectral ghost moth (Spider:2)
  2 sea snakes (Lair:5)
  5 orb spiders
  A wizard (D:14)
  Pikel (D:7)
  2 spectral wolf spiders (Spider:2)
  A steelbarb worm (Spider:2)
  3 orc knights (Orc:2)
  10 wolf spiders
  A harpy (Lair:5)
  An oklob plant (Lair:3)
  2 deep elf pyromancers
  4 orc sorcerers
  2 large abominations (Lair:2)
  10 ugly things
  2 manticores
  5 cyclopes
  8 black mambas
  2 demonic crawlers
  7 elephants
  A torpor snail (Spider:1)
  2 gargoyles
  12 cane toads
  An orange demon (Lair:2)
  A freezing wraith (D:14)
  4 kobold demonologists
  3 rime drakes (Lair:5)
  8 komodo dragons
  An efreet (D:14)
  A ghost moth simulacrum (Spider:2)
  A red devil (Lair:2)
  A meliai (shapeshifter) (D:15)
  3 meliai (D:13)
  2 tyrant leeches (Spider:3)
  A tarantella (shapeshifter) (D:11)
  5 polar bears
  6 hornets
  9 trolls
  A wolf spider simulacrum (Spider:2)
  5 tarantellas
  A snapping turtle (Lair:5)
  4 dream sheep (Lair:5)
  10 blink frogs
  5 culicivoras
  8 slime creatures (D:13)
  21 jumping spiders
  51 yaks
  3 wraiths
  2 basilisks
  3 wyverns
  23 redbacks
  4 steam dragons
  9 vampire mosquitoes
  6 swamp worms (Lair:2)
  Menkaure (D:5)
  6 wargs
  An acid dragon (D:10)
  13 water moccasins
  4 black bears
  29 orc warriors
  A black bear (shapeshifter) (Lair:2)
  2 sky beasts (D:7)
  13 ogres
  13 wolves
  24 centaurs
  3 lemures (D:7)
  2 elf zombies (Ossuary)
  Blork the orc (D:5)
  7 bullfrogs
  7 kobold brigands
  2 gnoll sergeants
  10 scorpions
  An entropy weaver simulacrum (Spider:2)
  8 wights
  A vampire bat (Orc:2)
  14 howler monkeys
  2 electric eels
  A human zombie (Ossuary)
  6 jellies
  A centaur zombie (Ossuary)
  13 orc priests
  8 hounds
  5 gnoll boudas
  A sleepcap (D:7)
  4 iguanas
  40 orc wizards
  5 hell rats (Lair:3)
  2 mummies (Ossuary)
  20 gnolls
  7 adders
  3 shadow imps
  5 white imps
  3 ufetubi
  An adder zombie (Ossuary)
  4 worms
  2 dart slugs (D:2)
  83 orcs
  17 bats
  11 endoplasms
  2 giant cockroaches
  12 goblins
  9 hobgoblins
  32 kobolds
  4 quokkas
  4 ball pythons
  4 frilled lizards
  A goblin zombie (Ossuary)
  10 hobgoblin zombies (Ossuary)
  2 jackal zombies (Ossuary)
  11 kobold zombies (Ossuary)
  7 orc zombies (Ossuary)
  8 rats
868 creatures vanquished.

Vanquished Creatures (collateral kills)
  A spectral ghost moth (Spider:2)
  An orb spider (Spider:3)
  An emperor scorpion simulacrum (Spider:2)
  A tyrant leech (Spider:3)
  A tarantella (Spider:1)
  A redback (Spider:1)
  A vampire mosquito (Spider:3)
  A spectral entropy weaver (Spider:2)
8 creatures vanquished.

Vanquished Creatures (others)
  3 tyrant leeches (Spider:3)
  A redback (Spider:3)
  An orc wizard (D:6)
  A spectral weapon (D:15)
6 creatures vanquished.

Grand Total: 882 creatures vanquished

Notes
Turn   | Place    | Note
-------+----------+-------------------------------------------
     0 | D:1      | math4jedi the Minotaur Berserker began the quest for the
                  | Orb.
     0 | D:1      | Reached XP level 1. HP: 19/19 MP: 0/0
    89 | D:1      | Reached XP level 2. HP: 25/26 MP: 1/1
   263 | D:1      | Reached ** piety under Trog
   295 | D:1      | Reached skill level 5 in Axes
   516 | D:1      | Reached XP level 3. HP: 31/31 MP: 2/2
   855 | D:2      | Identified the ring "Dateh" {rElec rCorr Stlth+}
   950 | D:2      | Found the Hermit's Pendant {Faith Invo=14 Evo=0 MP+5}
  1016 | D:2      | Found a faded altar of an unknown god.
  1234 | D:3      | Found a one-way gate to the infinite horrors of the Abyss.
  1267 | D:3      | Found a large runed translucent door.
  1268 | D:3      | Found a large runed translucent door.
  1268 | D:3      | Found a corrupted altar of Lugonu.
  1289 | D:3      | Reached XP level 4. HP: 23/40 MP: 3/3
  1496 | D:3      | Found a bloodstained altar of Trog.
  1500 | D:3      | Found an opulent altar of Gozag.
  1733 | D:3      | Found a shadowy altar of Dithmenos.
  1740 | D:3      | Noticed a black bear
  1758 | D:3      | Killed a black bear
  1759 | D:3      | Reached XP level 5. HP: 26/47 MP: 4/4
  2135 | D:3      | Found a broken altar of Ashenzari.
  2241 | D:3      | Reached *** piety under Trog
  2325 | D:4      | Reached XP level 6. HP: 38/55 MP: 5/5
  2458 | D:4      | Reached skill level 5 in Fighting
  2642 | D:4      | Found a shimmering blue altar of Sif Muna.
  2674 | D:4      | Found an ancient bone altar of Kikubaaqudgha.
  2683 | D:4      | Found a radiant altar of Vehumet.
  2718 | D:4      | Reached XP level 7. HP: 61/61 MP: 6/6
  3005 | D:5      | Entered Level 5 of the Dungeon
  3046 | D:5      | Noticed Menkaure
  3058 | D:5      | Killed Menkaure
  3059 | D:5      | Reached skill level 5 in Armour
  3071 | D:5      | Reached skill level 5 in Dodging
  3207 | D:5      | Found a hide-covered altar of Uskayaw.
  3324 | D:5      | Noticed Blork the orc
  3328 | D:5      | Killed Blork the orc
  3357 | D:5      | Reached XP level 8. HP: 70/70 MP: 7/7
  3375 | D:5      | Found a sacrificial altar of Ru.
  3467 | D:5      | Upgraded the game from 0.30.1-3-gfc49f6343a to
                  | 0.30.1-4-g462c640d31
  3473 | D:5      | Found a staircase to the Ecumenical Temple.
  3738 | D:6      | Found a glowing golden altar of the Shining One.
  4154 | D:6      | Reached **** piety under Trog
  4161 | D:6      | Reached XP level 9. HP: 79/79 MP: 8/8
  5064 | D:6      | Reached skill level 1 in Evocations
  5187 | D:6      | Noticed a kobold demonologist
  5194 | D:6      | Noticed a sixfirhy
  5208 | D:6      | Killed a kobold demonologist
  5364 | D:6      | Gained mutation: You sometimes lose your temper in combat.
                  | [potion of mutation]
  5364 | D:6      | Gained mutation: You have supernaturally acute eyesight.
                  | (SInv) [potion of mutation]
  5387 | D:6      | Reached skill level 10 in Axes
  5424 | D:6      | Reached XP level 10. HP: 43/88 MP: 9/9
  5704 | D:6      | Noticed a cyclops
  5714 | D:6      | Killed a cyclops
  6014 | D:7      | Found a sand-covered staircase.
  6022 | Ossuary  | Entered an ossuary
  6260 | Ossuary  | Reached ***** piety under Trog
  6286 | Ossuary  | Lost mutation: You have supernaturally acute eyesight.
                  | (SInv) [potion of mutation]
  6286 | Ossuary  | Lost mutation: You sometimes lose your temper in combat.
                  | [potion of mutation]
  6286 | Ossuary  | Gained mutation: You have hidden genetic potential. [potion
                  | of mutation]
  6286 | Ossuary  | Gained mutation: You passively dampen the noise of your
                  | surroundings. [potion of mutation]
  6286 | Ossuary  | Gained mutation: You have supernaturally acute eyesight.
                  | (SInv) [potion of mutation]
  6639 | D:7      | Noticed Pikel
  6655 | D:7      | Killed Pikel
  7157 | D:7      | Found a white marble altar of Elyvilon.
  7301 | D:8      | Reached skill level 1 in Throwing
  8078 | D:8      | Noticed a boulder beetle
  8114 | D:8      | Killed a boulder beetle
  8638 | D:9      | Reached skill level 10 in Fighting
  8640 | D:9      | Reached skill level 10 in Armour
  8640 | D:9      | Reached XP level 11. HP: 99/99 MP: 3/10
  8828 | D:9      | Reached skill level 10 in Dodging
  9002 | D:9      | Gained mutation: Your natural rate of healing is unusually
                  | fast. [hidden potential]
  9007 | D:9      | Identified a scroll of acquirement
  9008 | D:9      | Acquired a +2 vampiric broad axe
  9012 | D:9      | Noticed a two-headed ogre
  9021 | D:9      | Killed a two-headed ogre
  9046 | D:9      | Noticed a two-headed ogre
  9062 | D:9      | Killed a two-headed ogre
  9469 | D:10     | Entered Level 10 of the Dungeon
  9554 | D:10     | Reached skill level 5 in Evocations
  9652 | D:10     | Found Kiezuw's Tiny Tomes.
  9757 | D:10     | Received a gift from Trog
  9767 | D:10     | Found a staircase to the Lair.
  9835 | D:10     | Noticed a two-headed ogre
  9877 | D:10     | Killed a two-headed ogre
  9995 | D:10     | Reached skill level 5 in Throwing
 10026 | D:10     | Identified the ring "Tetest" {rPois Dex+2 SInv}
 10085 | D:10     | Found a shimmering altar of Xom.
 10205 | D:10     | Noticed a two-headed ogre
 10213 | D:10     | Killed a two-headed ogre
 10633 | D:11     | Identified the +10 rapier "Afyk" {freeze, rC+ rCorr Dex-2
                  | Stlth+}
 10722 | D:11     | Identified the +0 robe of the Iron City of Dis {rElec rCorr
                  | Archmagi}
 10736 | D:11     | Noticed a two-headed ogre
 10747 | D:11     | Killed a two-headed ogre
 10748 | D:11     | Reached XP level 12. HP: 59/107 MP: 11/11
 10839 | D:11     | Gained mutation: Your muscles are strong. (Str +4, Int/Dex
                  | -1) [hidden potential]
 10839 | D:11     | Lost mutation: You have hidden genetic potential. [hidden
                  | potential expressed]
 11052 | D:11     | Noticed a two-headed ogre
 11065 | D:11     | Killed a two-headed ogre
 11308 | D:12     | Found a staircase to the Orcish Mines.
 11756 | D:12     | Received a gift from Trog
 12112 | D:12     | Found a shimmering blue altar of Sif Muna.
 12219 | Lair:1   | Entered Level 1 of the Lair of Beasts
 12535 | Lair:1   | Found a runed translucent door.
 12535 | Lair:1   | Noticed GimliDwarf's ghost (journeyman GnWn)
 13242 | Lair:2   | Found a transporter.
 13245 | Lair:2   | Found a transporter.
 13292 | Lair:2   | Noticed FemmeMayhem's ghost (journeyman MiFi)
 13588 | Lair:2   | Reached XP level 13. HP: 102/118 MP: 12/12
 14088 | Lair:2   | Found a staircase to the Swamp.
 14273 | Lair:3   | Reached ****** piety under Trog
 14273 | Lair:3   | Received a gift from Trog
 14341 | Lair:3   | Found a hole to the Spider Nest.
 14370 | Lair:3   | Identified the +9 falchion of Fragile Peace {heavy, rElec}
 14478 | Lair:3   | Reached skill level 1 in Shields
 15240 | Lair:4   | Noticed Snorg
 15257 | Lair:4   | Killed Snorg
 15355 | Lair:4   | Found a staircase to the Slime Pits.
 15364 | Lair:4   | Found a viscous altar of Jiyva.
 16272 | Lair:5   | Entered Level 5 of the Lair of Beasts
 16349 | Lair:5   | Received a gift from Trog
 16350 | Lair:5   | Reached XP level 14. HP: 129/129 MP: 13/13
 17178 | Lair:5   | Identified the staff of death "Lith" {rC++ rN+ Str-5 Int+3}
 17670 | Orc:1    | Entered Level 1 of the Orcish Mines
 17956 | Orc:1    | Found Sulam's Magic Scroll Shop.
 18083 | Orc:2    | Entered Level 2 of the Orcish Mines
 18235 | Orc:2    | Noticed an orc warlord
 18248 | Orc:2    | Killed an orc warlord
 18266 | Orc:2    | Received a gift from Trog
 18412 | Orc:2    | Found a staircase to the Elven Halls.
 18629 | Orc:2    | Found Niqeanuf's General Store.
 18738 | Orc:2    | Found Huto's Antique Armour Boutique.
 18757 | Orc:2    | Noticed Nessos
 18775 | Orc:2    | Killed Nessos
 18776 | Orc:2    | Reached skill level 15 in Axes
 18780 | Orc:2    | Found Valu Sen's Book Boutique.
 18951 | Orc:2    | Found Viptext's Antique Weapon Boutique.
 19106 | Orc:2    | Bought a runed plate armour for 910 gold pieces
 19481 | D:13     | Found Usipot's Weapon Shoppe.
 19696 | D:14     | Reached XP level 15. HP: 138/138 MP: 14/14
 19905 | D:14     | Reached skill level 10 in Evocations
 20075 | D:14     | Received a gift from Trog
 20086 | D:14     | Found a gate to the Vaults.
 20140 | D:15     | Entered Level 15 of the Dungeon
 20253 | D:15     | Found a staircase to the Depths.
 20253 | D:15     | Noticed a fire giant
 20648 | D:15     | Killed a fire giant
 21198 | Spider:1 | Entered Level 1 of the Spider Nest
 21198 | Spider:1 | Noticed Roxanne
 21206 | Spider:1 | Killed Roxanne
 22241 | Spider:2 | Noticed Arachne
 22254 | Spider:2 | Killed Arachne
 22255 | Spider:2 | Reached skill level 15 in Fighting
 22374 | Spider:2 | Reached skill level 15 in Armour
 22530 | Spider:2 | Noticed an emperor scorpion
 22536 | Spider:2 | Killed an emperor scorpion
 22715 | Spider:2 | Noticed Findleman's ghost (adept GrFi)
 22716 | Spider:2 | Found a transporter.
 22746 | Spider:2 | Found a transporter.
 22761 | Spider:2 | Reached skill level 15 in Dodging
 22791 | Spider:2 | Reached XP level 16. HP: 149/149 MP: 15/15
 22795 | Spider:2 | Killed Findleman's ghost
 23439 | D:5      | Received a gift from Trog
 23623 | Lair:1   | Killed GimliDwarf's ghost
 23749 | Lair:2   | Killed FemmeMayhem's ghost
 24247 | Spider:3 | HP: 4/136 [spectral broodmother[a ghost crab] (15)]
 24247 | Spider:3 | Slain by a spectral broodmother

Illustrated notes

Levels and vault maps discovered:
D:1:      erik_arrival_orb_chamber, layout_basic,
          hangedman_abyss_or_decor_lesser_grid, serial_bayou_pond_b,
          amcnicky_mini_corridor_feature
D:2:      layout_basic, hellmonk_ecumenical_altar_arch_garden
D:3:      due_chaos_kobolds, layout_basic, jmf_multi_god_temple,
          overflow_temple_1_default, nicolae_dithmenos_the_darkroom
D:4:      layout_cave_pools, palyth_temple_overflow_mages
D:5:      layout_loops_ring, mainiacjoe_overflow_cross_hatched,
          hangedman_ru_absence, minmay_temple_entry_offerings, serial_demonic,
          serial_demonic_f, serial_demonic_c, serial_demonic_e,
          serial_demonic_g, uniq_menkaure, uniq_blork_the_orc
D:6:      lemuel_castle_with_subvaults [lemuel_castle_interior_original],
          layout_layer_cave, tso_metal_star, chequers_serial_rivers_micro_c,
          lightli_orcish_oven
D:7:      layout_cave_pools, elyvilon_altar_3,
          nicolae_ossuary_entry_false_entrances, uniq_pikel
D:8:      layout_loops_ring, kennysheep_cross_bottleneck
D:9:      layout_cave_pods
D:10:     layout_irregular_city, kennysheep_little_box, lair_entry_dummy,
          nicolae_kite_square_tiling_tiny, nicolae_shop_i_like_small_books_too,
          kennysheep_generic_room_5
D:11:     layout_loops_ring
D:12:     layout_stronghold, david_orc_3, led_sif_book
D:13:     layout_cave_pools, serial_shops, shop
D:14:     layout_roguey, david_vaults_1, grunt_decor_cap
D:15:     grunt_enter_depths_giant_problem, layout_loops_ring
Lair:1:   layout_gridlike, ebering_ghost_inner_flame
Lair:2:   layout_small_grid, palyth_hydra_swamp_entry,
          gammafunk_ghost_abyssal_escape, wad_woods_road_02, st_stairs_7
Lair:3:   layout_hall_layers, nicolae_spider_entry_non_spiders
Lair:4:   layout_cave_pods, nicolae_slime_entry_field_trip, beast_lair_carwin_5,
          uniq_snorg
Lair:5:   gammafunk_lair_ancient_temple, layout_long_grid
Spider:1: layout_spider_delve, uniq_roxanne
Spider:2: layout_spider_delve, gammafunk_ghost_mausoleum, uniq_arachne
Spider:3: layout_spider_delve, nicolae_spider_swamp_cousins
Orc:1:    layout_caves, serial_shops, shop
Orc:2:    grunt_orc_cross, layout_caves, roderic_batcave, uniq_nessos

Skill      XL: |  1  2  3  4  5  6  7  8  9 10 11 12 13 14 15 16 |
---------------+-------------------------------------------------+-----
Axes           | 4 5 6 8 10 12 14 15 16 | 16.0
Fighting       | 4 5 6 7 8 10 12 13 14 15 16 | 16.0
Armour         | 3 4 6 7 8 10 12 13 14 15 16 | 16.0
Dodging        | 3 4 6 7 8 9 10 12 14 15 16 | 16.0
Evocations     | 4 6 8 9 10 | 10.0
Throwing       | 2 6 8 |  8.0
Shields        | 4 |  4.0

Action                     |  1- 3 |  4- 6 |  7- 9 | 10-12 | 13-15 | 16-18 || total
---------------------------+-------+-------+-------+-------+-------+-------++-------
  Melee: Hand axe          |   111 |    96 |   342 |   436 |       |       ||   985
         Headbutt          |    13 |    15 |    63 |   185 |   301 |    34 ||   611
         Punch             |       |     2 |     3 |    13 |     1 |       ||    19
         War axe           |       |       |       |    68 |    46 |   124 ||   238
         Broad axe         |       |       |       |   268 |  1137 |    14 ||  1419
  Throw: Dart              |       |     5 |    18 |    13 |    33 |       ||    69
 Invoke: Trog's Hand       |       |     3 |    13 |     6 |    18 |     5 ||    45
         Berserk           |       |       |     5 |     2 |     1 |       ||     8
         Brothers in Arms  |       |       |       |       |     2 |     1 ||     3
  Evoke: Wand              |       |       |     5 |    12 |     6 |     8 ||    31
    Use: Scroll            |       |     4 |       |     7 |     9 |       ||    20
         Potion            |       |       |     3 |     1 |     3 |     1 ||     8
   Stab: Distracted        |     1 |       |       |       |     1 |       ||     2
         Sleeping          |     3 |     3 |       |       |       |       ||     6
         Paralysed         |       |       |       |    15 |       |       ||    15
 Armour: Animal skin       |    19 |     9 |       |       |       |       ||    28
         Plate armour      |       |    20 |   151 |   269 |   432 |   122 ||   994
  Dodge: Dodged            |    51 |    67 |   268 |   499 |   937 |   160 ||  1982
         Repelled          |       |       |       |     3 |     4 |       ||     7
  Block: Buckler           |       |       |       |       |   207 |    43 ||   250
